 Dungeon Crawl Stone Soup version 0.26-a0-651-gb41185065b (webtiles) character file.

Game seed: 4025460461451904259

137 Irenicus the Cudgeler (level 5, -3/50 HPs)
             Began as a Troll Monk on Oct 6, 2020.
             Killed from afar by Sigmund (11 damage)
             ... with a puff of flame
             ... on level 2 of the Dungeon.
             The game lasted 00:04:21 (732 turns).

Irenicus the Cudgeler (Troll Monk)                   Turns: 732, Time: 00:04:22

Health: -3/50      AC:  8    Str: 19    XL:     5   Next: 0%
Magic:  4/4        EV: 10    Int:  6    God:
Gold:   57         SH:  0    Dex: 13    Spells: 4/4 levels left

rFire    . . .     SeeInvis .   i - +1 whip (vamp)
rCold    . . .     Faith    .   (no shield)
rNeg     . . .     Spirit   .   j - +2 animal skin
rPois    .         Reflect  .   (helmet restricted)
rElec    .         Harm     .   (no cloak)
rCorr    .         Rampage  .   (gloves unavailable)
MR       .....                  (boots unavailable)
Stlth    ++........             (no amulet)
HPRegen  0.56/turn              (no ring)
MPRegen  0.09/turn              (no ring)

@: no status effects
A: large, unfitting armour, claws 3, regeneration 1, shaggy fur 1, tough skin 3
a: no special abilities


You were on level 2 of the Dungeon.
You visited 1 branch of the dungeon, and saw 2 of its levels.

You collected 57 gold pieces.

Inventory:

Hand Weapons
 a - a +0 mace
 i - a +1 vampiric whip (weapon)
   (You took it off Robin on level 2 of the Dungeon)
Armour
 j - a +2 animal skin (worn)
   (You took it off Robin on level 2 of the Dungeon)
Scrolls
 e - 2 scrolls of identify {unknown}
 f - a scroll of fear {unknown}
 g - a scroll of remove curse {unknown}
 h - a scroll of teleportation {unknown}
Potions
 b - a potion of might {unknown}
 c - a potion of flight
 d - a potion of curing {unknown}
 k - a potion of stabbing {unknown}
 l - a potion of berserk rage {unknown}


   Skills:
 - Level 2.4 Fighting
 + Level 5.2 Maces & Flails
 - Level 2.4 Dodging
 - Level 1.0 Stealth


You had 4 spell levels left.
You didn't know any spells.
Your spell library was empty.

Dungeon Overview and Level Annotations

Branches:
Dungeon (2/15)

Altars:

Annotations:
D:2 Sigmund


Innate Abilities, Weirdness & Mutations

You are too large for most types of armour.
You have claws for hands.
Your natural rate of healing is unusually fast.
You are covered in fur. (AC +1)
You have extremely tough skin. (AC +3)


Message History

The gnoll is heavily wounded.
The gnoll hits you but does no damage.
You whack the gnoll!
You kill the gnoll!
You hit the kobold.
You kill the kobold!
You see here a goblin corpse.
Things that are here:
a +0 dagger; a kobold corpse Sigmund the Dreaded comes into view.
He is wielding a +0 scythe.
Marking area around Sigmund as unsafe for travelling.
Found a stone staircase leading down.
An ooze comes into view.
The ooze quivers.
Found a stone staircase leading down.
You see here a pink potion.
b - a pink potion You hit the ooze.
The ooze is lightly wounded.
The ooze barely misses you.
You hit the ooze.
The ooze is severely wounded.
The ooze barely misses you.
You hit the ooze.
The ooze is almost dead.
The ooze completely misses you.
You hit the ooze but do no damage.
The ooze is almost dead.
The ooze closely misses you.
You hit the ooze.
You kill the ooze!
You have reached level 5!
Health restored: 50; MP restored: 4 A frilled lizard comes into view.
The frilled lizard hisses angrily.
You see here an orange potion.
k - an orange potion The frilled lizard bites you but does no damage.
You whack the frilled lizard!
You kill the frilled lizard!
l - a viscous sapphire potion You now have 57 gold pieces (gained 9).
Really walk into a travel-excluded area? [Y]es or [N]o only, please.
Really walk into a travel-excluded area?
Really walk into a travel-excluded area?
Really walk into a travel-excluded area?
Sigmund hits you from afar with a +0 scythe.
You take 1 damage, and have 49/50 hp.
Sigmund mumbles some strange words.
Sigmund flickers and vanishes!
Deactivating autopickup; reactivate with Ctrl-A.
You barely miss something. Something hits you but does no damage.
Health restored: 50 You barely miss something.
You hit something. Something completely misses you.
You barely miss something. You barely miss something. Something hits you!
You take 9 damage, and have 41/50 hp.
You hit something.
You feel better. Something hits you.
You take 1 damage, and have 40/50 hp.
You barely miss something. You closely miss something.
Something hits you but does no damage.
You hit something.
You feel better.
You regained 3 hp, and now have 44/50 hp.
You miss something. Something hits you!
You take 8 damage, and have 36/50 hp.
You miss something. You hit something. Something hits you.
You take 2 damage, and have 35/50 hp.
You closely miss something. You closely miss something. Something hits you!
You take 7 damage, and have 28/50 hp.
You hit something but do no damage. Something hits you.
You take 2 damage, and have 26/50 hp.
You hit something.
You feel better.
You regained 3 hp, and now have 29/50 hp.
You barely miss something. Something hits you!
* * * LOW HITPOINT WARNING * * *
You take 14 damage, and have 15/50 hp.
MASSIVE DAMAGE!!
You barely miss something. You miss something. Something hits you!
* * * LOW HITPOINT WARNING * * *
You take 8 damage, and have 8/50 hp.
Okay, then.
You closely miss something. You closely miss something. Something hits you.
* * * LOW HITPOINT WARNING * * *
You take 1 damage, and have 8/50 hp.
You miss something. You miss something. Something hits you but does no damage.
You hit something. Something hits you.
* * * LOW HITPOINT WARNING * * *
You take 5 damage, and have 4/50 hp.
You barely miss something. You hit something.
You feel better.
You hear some strange, mumbled words.
A puff of flame appears from out of thin air!
The puff of flame hits you!
You die...

##.......#### #####............#
............########.###.....†..#
##.....................###..)....
...................###.####.#####
##.............##### #..###.#
###.#.###......# ##.....###
......#######..###########....#
.................................
................@.#####..........
..>............##{# #..........
...............##.# #####.#####
......##.#####..#.. ..#
......##.## ##.##.. ...
.......#..# #.####. ..
##.##.....#####..####.
#..##.###..............
#.....###....####....#. ......


There were no monsters in sight!

Vanquished Creatures
  Terence (D:2)
  Robin (D:2)
  2 gnolls (D:2)
  3 adders
  An ooze (D:2)
  2 dart slugs
  3 giant cockroaches
  11 goblins
  9 hobgoblins
  2 quokkas (D:2)
  A bat (D:1)
  A frilled lizard (D:2)
  5 kobolds
  4 rats
46 creatures vanquished.

Notes
Turn   | Place    | Note
-------+----------+-------------------------------------------
     0 | D:1      | Irenicus the Troll Monk began the quest for the Orb.
     0 | D:1      | Reached XP level 1. HP: 22/22 MP: 0/0
    91 | D:1      | Reached skill level 3 in Maces & Flails
   222 | D:1      | Reached XP level 2. HP: 29/29 MP: 1/1
   393 | D:2      | Reached skill level 4 in Maces & Flails
   393 | D:2      | Reached XP level 3. HP: 28/36 MP: 2/2
   471 | D:2      | Noticed Robin
   494 | D:2      | HP: 7/36 [hobgoblin[Robin] (3)]
   506 | D:2      | HP: 7/36 [hobgoblin[Robin] (3)]
   507 | D:2      | Reached XP level 4. HP: 9/44 MP: 3/3
   512 | D:2      | HP: 8/44 [Robin/+1 vampiric whip (4)]
   518 | D:2      | Killed Robin
   555 | D:2      | Noticed Terence
   586 | D:2      | Killed Terence
   586 | D:2      | Reached skill level 5 in Maces & Flails
   638 | D:2      | Noticed Sigmund
   652 | D:2      | Reached XP level 5. HP: 50/50 MP: 4/4
   725 | D:2      | HP: 8/50 [something (8)]
   730 | D:2      | HP: 4/50 [something (6)]
   732 | D:2      | Killed from afar by Sigmund

Illustrated notes

Levels and vault maps discovered:
D:1:      shiori_shiawase, layout_basic, minmay_tripent
D:2:      layout_rooms, minmay_tiny_reverse_x, uniq_robin, uniq_sigmund,
          uniq_terence

Skill      XL: |  1  2  3  4 |
---------------+-------------+-----
Maces & Flails | 3 4 5 |  5.2
Fighting       | |  2.4
Dodging        | |  2.4
Stealth        | |  1.0

Action                   |  1- 3 |  4- 6 || total
-------------------------+-------+-------++-------
Melee: Mace              |   109 |     7 ||   116
       Whip              |       |    65 ||    65
  Use: Potion            |     1 |       ||     1
Armor: Robe              |    46 |       ||    46
       Animal skin       |       |    12 ||    12
Dodge: Dodged            |    77 |    18 ||    95

Table legend: (Time is in decaauts)
 A = Elapsed time spent in this place.
 B = Non-inter-level travel time spent in this place.
 C = Inter-level travel time spent in this place.
 D = Time resting spent in this place.
 E = Time spent auto-exploring this place.
 F = Levels seen in this place.
 G = Mean time per level.
                   A        B        C        D        E       F      G
               +--------+--------+--------+--------+--------+-----+--------+
         Total |    746 |    746 |      0 |      0 |      0 |   2 |  373.0 |
       Dungeon |    746 |    746 |      0 |      0 |      0 |   2 |  373.0 |
               +--------+--------+--------+--------+--------+-----+--------+

Top non-repeatable levels by time:
     D:2: 382 daAuts
     D:1: 363 daAuts

Table legend:
 A = Kills in this place as a percentage of kills in entire the game.
 B = Kills by you in this place as a percentage of kills by you in the entire game.
 C = Kills by friends in this place as a percentage of kills by friends in the entire game.
 D = Other kills in this place as a percentage of other kills in the entire game.
 E = Experience gained in this place as a percentage of experience gained in the entire game.
 F = Experience gained in this place divided by the number of levels of this place that you have seen.
                   A       B       C       D       E      F
               +-------+-------+-------+-------+-------+----------------------
         Total | 100.0 | 100.0 |   N/A |   N/A | 100.0 |  98.5
       Dungeon | 100.0 | 100.0 |   N/A |   N/A | 100.0 |  98.5
               +-------+-------+-------+-------+-------+----------------------
